General information
- name: BNet
- type: Ladder team game (AT/RT)
- host: Battle.net
- saver: THATNlGGER
map: MarketSquare
- players: 8
- length: 42:11
- speed: Fast
- version: 1.26 W3XP
- replay type: Public
» download(237 KB)
Players
team 1 (winner)
doitnow (
yellow | 51 APM | 818 actions | 16:11)
4 Demon Hunter
1 Immolation
2 Mana Burn
1 Evasion
1 Keeper of the Grove
1 Entangling Roots
» actions
| Assign group hotkey | 25 | |
| Basic commands | 16 | |
| Build / train | 70 | |
| Enter build submenu | 27 | |
| Enter hero's abilities submenu | 5 | |
| Give item / drop item | 3 | |
| Right click | 192 | |
| Select / deselect | 186 | |
| Select group hotkey | 222 | |
| Use ability | 72 | |
818 total
» units
| Wisp | 27 | |
| Archer | 17 | |
| Hippogryph | 4 | |
48 total
» upgrades
| Strength of the Moon | 1 | |
| Moon Armor | 1 | |
| Improved Bows | 1 | |
| Hippogryph Taming | 1 | |
| Strength of the Wild | 1 | |
| Reinforced Hides | 1 | |
6 total
» buildings
| Altar of Elders | 1 | |
| Moon Well | 7 | |
| Ancient of War | 2 | |
| Ancient of Wonders | 1 | |
| Tree of Life | 2 | |
| Hunter's Hall | 1 | |
| Tree of Ages | 3 | |
| Ancient Protector | 8 | |
| Ancient of Wind | 2 | |
27 total
» build order
00:09 Altar of Elders
00:25 Moon Well
01:20 Ancient of War
01:32 Moon Well
01:51 Ancient of War
02:27 Moon Well
03:28 Ancient of Wonders
04:38 Moon Well
04:59 Tree of Life
05:43 Moon Well
05:47 Hunter's Hall
06:41 Moon Well
07:10 Tree of Ages
07:10 Tree of Ages
07:10 Tree of Ages
08:47 Moon Well
10:18 Ancient Protector
10:22 Ancient Protector
10:25 Ancient Protector
10:35 Ancient of Wind
10:40 Ancient of Wind
10:45 Ancient Protector
10:48 Ancient Protector
10:53 Ancient Protector
10:57 Ancient Protector
13:30 Tree of Life
14:30 Ancient Protector
» items
| Scroll of Regeneration | 1 | |
| Potion of Healing | 1 | |
| Dust of Appearance | 1 | |
| Scroll of Town Portal | 1 | |
4 total

»
iSmellPussii (
pink | 38 APM | 615 actions | 16:19)
4 Warden
2 Fan of Knives
2 Blink
2 Keeper of the Grove
1 Entangling Roots
1 Thorns Aura
» actions
| Build / train | 43 | |
| Enter build submenu | 16 | |
| Enter hero's abilities submenu | 6 | |
| Give item / drop item | 1 | |
| Right click | 293 | |
| Select / deselect | 176 | |
| Use ability | 80 | |
615 total
» units
| Wisp | 15 | |
| Huntress | 8 | |
| Faerie Dragon | 4 | |
| Chimaera | 1 | |
28 total
» upgrades
| Strength of the Wild | 1 | |
| Reinforced Hides | 1 | |
2 total
» buildings
| Altar of Elders | 1 | |
| Moon Well | 5 | |
| Hunter's Hall | 1 | |
| Ancient of War | 1 | |
| Ancient Protector | 3 | |
| Ancient of Wonders | 1 | |
| Tree of Ages | 1 | |
| Ancient of Wind | 2 | |
| Tree of Eternity | 1 | |
| Chimaera Roost | 2 | |
18 total
» build order
00:12 Altar of Elders
00:23 Moon Well
01:25 Hunter's Hall
01:47 Ancient of War
02:01 Moon Well
02:30 Ancient Protector
02:34 Ancient of Wonders
03:35 Moon Well
04:11 Ancient Protector
04:44 Moon Well
06:00 Tree of Ages
06:30 Ancient Protector
07:56 Moon Well
08:39 Ancient of Wind
08:43 Ancient of Wind
09:36 Tree of Eternity
12:23 Chimaera Roost
12:26 Chimaera Roost
» items
| Healing Salve | 1 | |
| Lesser Clarity Potion | 1 | |
| Scroll of Town Portal | 1 | |
3 total
THATNlGGER (
green | 77 APM | 3263 actions | 42:11)
5 Blood Mage
3 Flame Strike
2 Siphon Mana
1 Mountain King
1 Storm Bolt
» actions
| Assign group hotkey | 52 | |
| Basic commands | 105 | |
| Build / train | 248 | |
| ESC pressed | 8 | |
| Enter build submenu | 72 | |
| Enter hero's abilities submenu | 6 | |
| Give item / drop item | 5 | |
| Right click | 1280 | |
| Select / deselect | 734 | |
| Select group hotkey | 550 | |
| Use ability | 203 | |
3263 total
» units
| Peasant | 43 | |
| Footman | 18 | |
| Sorceress | 4 | |
| Gryphon Rider | 19 | |
| Dragonhawk Rider | 8 | |
92 total
» upgrades
| Masonry | 3 | |
| Swords | 3 | |
| Armor | 3 | |
| Lumber Harvesting | 2 | |
| Defend | 1 | |
| Sorceress Training | 2 | |
| Magic Sentry | 1 | |
| Storm Hammers | 1 | |
| Cloud | 1 | |
| Animal War Training | 1 | |
| Backpack | 1 | |
19 total
» buildings
| Altar of Kings | 2 | |
| Barracks | 1 | |
| Farm | 9 | |
| Town Hall | 3 | |
| Arcane Vault | 1 | |
| Scout Tower | 39 | |
| Lumber Mill | 2 | |
| Arcane Tower | 8 | |
| Guard Tower | 68 | |
| Keep | 2 | |
| Blacksmith | 1 | |
| Castle | 2 | |
| Gryphon Aviary | 2 | |
| Arcane Sanctum | 3 | |
143 total
» build order
00:03 Altar of Kings
00:08 Barracks
00:12 Farm
00:56 Farm
01:53 Farm
03:06 Farm
03:25 Town Hall
04:23 Arcane Vault
04:38 Scout Tower
04:45 Lumber Mill
05:13 Arcane Tower
05:17 Scout Tower
05:18 Scout Tower
05:29 Scout Tower
06:05 Arcane Tower
06:05 Arcane Tower
06:07 Guard Tower
06:07 Guard Tower
06:10 Guard Tower
06:11 Guard Tower
06:45 Scout Tower
06:46 Scout Tower
06:47 Scout Tower
08:09 Scout Tower
08:10 Scout Tower
08:11 Scout Tower
08:41 Guard Tower
08:42 Guard Tower
08:42 Guard Tower
08:42 Guard Tower
08:42 Guard Tower
08:43 Guard Tower
08:44 Keep
09:05 Scout Tower
09:08 Scout Tower
09:11 Blacksmith
09:53 Guard Tower
09:53 Guard Tower
10:21 Scout Tower
10:23 Scout Tower
10:29 Scout Tower
10:31 Scout Tower
10:54 Guard Tower
10:54 Guard Tower
10:57 Guard Tower
11:02 Guard Tower
11:03 Guard Tower
11:13 Castle
11:21 Gryphon Aviary
11:27 Gryphon Aviary
12:44 Arcane Sanctum
12:55 Farm
12:56 Farm
12:57 Scout Tower
13:27 Guard Tower
13:28 Guard Tower
13:30 Farm
13:33 Scout Tower
14:06 Farm
14:07 Farm
14:35 Guard Tower
14:35 Guard Tower
15:41 Scout Tower
15:42 Scout Tower
15:44 Scout Tower
15:49 Scout Tower
15:51 Scout Tower
15:52 Scout Tower
15:54 Town Hall
16:26 Guard Tower
16:27 Guard Tower
16:27 Guard Tower
16:27 Guard Tower
16:40 Guard Tower
16:40 Guard Tower
16:40 Guard Tower
16:43 Guard Tower
16:43 Guard Tower
17:46 Scout Tower
17:47 Scout Tower
17:49 Scout Tower
17:49 Scout Tower
17:52 Scout Tower
18:19 Guard Tower
18:19 Guard Tower
18:20 Guard Tower
18:20 Guard Tower
18:49 Guard Tower
18:49 Guard Tower
21:08 Scout Tower
21:09 Scout Tower
21:11 Scout Tower
21:13 Scout Tower
22:35 Guard Tower
22:35 Guard Tower
22:47 Guard Tower
23:05 Scout Tower
23:06 Scout Tower
23:07 Scout Tower
23:33 Guard Tower
23:34 Guard Tower
27:39 Scout Tower
28:01 Altar of Kings
28:30 Arcane Tower
29:25 Lumber Mill
30:00 Arcane Sanctum
30:02 Arcane Sanctum
30:53 Guard Tower
30:54 Guard Tower
31:01 Guard Tower
31:06 Guard Tower
31:06 Guard Tower
33:29 Town Hall
36:07 Scout Tower
36:11 Scout Tower
36:39 Arcane Tower
36:39 Arcane Tower
37:04 Guard Tower
37:04 Guard Tower
37:04 Guard Tower
» items
| Scroll of Regeneration | 7 | |
| Lesser Clarity Potion | 9 | |
| Potion of Invisibility | 3 | |
| Staff of Teleportation | 1 | |
| Boots of Speed | 1 | |
| Scroll of Town Portal | 4 | |
| Potion of Healing | 6 | |
| Orb of Fire | 1 | |
| Potion of Mana | 1 | |
| Ivory Tower | 3 | |
| Staff of Sanctuary | 1 | |
37 total
happyhappy (
teal | 67 APM | 1967 actions | 29:17)
4 Blademaster
2 Wind Walk
2 Critical Strike
» actions
| Assign group hotkey | 29 | |
| Basic commands | 14 | |
| Build / train | 61 | |
| Enter build submenu | 9 | |
| Enter hero's abilities submenu | 4 | |
| Give item / drop item | 4 | |
| Remove unit from queue | 1 | |
| Right click | 860 | |
| Select / deselect | 168 | |
| Select group hotkey | 753 | |
| Use ability | 64 | |
1967 total
» units
» upgrades
| Ranged Weapons | 1 | |
| Envenomed Spears | 1 | |
2 total
» buildings
| Orc Burrow | 5 | |
| Altar of Storms | 1 | |
| Voodoo Lounge | 1 | |
| Stronghold | 1 | |
| War Mill | 1 | |
| Beastiary | 2 | |
| Fortress | 1 | |
12 total
» build order
00:10 Orc Burrow
00:42 Altar of Storms
01:06 Voodoo Lounge
02:04 Orc Burrow
02:08 Orc Burrow
02:38 Stronghold
03:17 War Mill
03:23 Orc Burrow
03:49 Orc Burrow
05:08 Beastiary
05:09 Beastiary
12:13 Fortress
» items
| Circlet of Nobility | 4 | |
| Boots of Speed | 1 | |
| Potion of Healing | 2 | |
| Potion of Mana | 1 | |
| Lesser Clarity Potion | 1 | |
| Scroll of Town Portal | 2 | |
| Potion of Invisibility | 2 | |
| Potion of Lesser Invulnerability | 2 | |
| Staff of Teleportation | 1 | |
16 total
team 2 (loser)
SeeYouNTea (
purple | 68 APM | 1922 actions | 28:05)
6 Death Knight
2 Death Coil
2 Unholy Aura
1 Death Pact
1 Animate Dead
4 Lich
2 Frost Nova
2 Frost Armor
» actions
| Assign group hotkey | 21 | |
| Basic commands | 6 | |
| Build / train | 69 | |
| Enter build submenu | 11 | |
| Enter hero's abilities submenu | 10 | |
| Give item / drop item | 1 | |
| Right click | 766 | |
| Select / deselect | 252 | |
| Select group hotkey | 700 | |
| Use ability | 86 | |
1922 total
» units
| Acolyte | 21 | |
| Ghoul | 4 | |
| Crypt Fiend | 10 | |
| Obsidian Statue | 1 | |
36 total
» upgrades
| Web | 1 | |
| Creature Attack | 3 | |
| Creature Carapace | 2 | |
| Burrow | 1 | |
7 total
» buildings
| Crypt | 1 | |
| Ziggurat | 4 | |
| Altar of Darkness | 1 | |
| Tomb of Relics | 1 | |
| Graveyard | 1 | |
| Nerubian Tower | 1 | |
| Halls of the Dead | 1 | |
| Spirit Tower | 1 | |
| Slaughterhouse | 1 | |
| Black Citadel | 1 | |
13 total
» build order
00:08 Crypt
00:11 Ziggurat
00:33 Altar of Darkness
00:55 Tomb of Relics
01:29 Graveyard
02:10 Ziggurat
03:37 Ziggurat
04:40 Nerubian Tower
05:09 Halls of the Dead
05:48 Spirit Tower
06:34 Ziggurat
07:36 Slaughterhouse
11:19 Black Citadel
» items
| Rod of Necromancy | 2 | |
| Dust of Appearance | 2 | |
| Scroll of Town Portal | 3 | |
| Healing Salve | 1 | |
| Lesser Clarity Potion | 1 | |
| Orb of Corruption | 1 | |
10 total

»
lifefragment (
orange | 45 APM | 1346 actions | 30:05)
6 Mountain King
3 Storm Bolt
2 Thunder Clap
1 Avatar
6 Paladin
3 Holy Light
1 Devotion Aura
1 Divine Shield
1 Resurrection
» actions
| Assign group hotkey | 69 | |
| Basic commands | 102 | |
| Build / train | 92 | |
| Enter build submenu | 33 | |
| Enter hero's abilities submenu | 12 | |
| Right click | 413 | |
| Select / deselect | 275 | |
| Select group hotkey | 236 | |
| Use ability | 114 | |
1346 total
» units
| Peasant | 16 | |
| Footman | 6 | |
| Dragonhawk Rider | 12 | |
| Knight | 6 | |
| Gryphon Rider | 10 | |
50 total
» upgrades
| Masonry | 1 | |
| Swords | 2 | |
| Cloud | 1 | |
| Armor | 2 | |
| Animal War Training | 1 | |
| Lumber Harvesting | 1 | |
| Storm Hammers | 1 | |
9 total
» buildings
| Barracks | 1 | |
| Farm | 13 | |
| Altar of Kings | 1 | |
| Lumber Mill | 1 | |
| Scout Tower | 9 | |
| Guard Tower | 8 | |
| Keep | 1 | |
| Arcane Vault | 1 | |
| Castle | 1 | |
| Blacksmith | 1 | |
| Gryphon Aviary | 2 | |
| Arcane Tower | 1 | |
| Town Hall | 1 | |
41 total
» build order
00:16 Barracks
00:23 Farm
00:40 Altar of Kings
00:54 Lumber Mill
01:07 Farm
01:46 Scout Tower
01:55 Farm
02:18 Guard Tower
02:18 Guard Tower
03:44 Keep
03:58 Farm
04:27 Arcane Vault
04:47 Scout Tower
05:54 Guard Tower
05:56 Scout Tower
06:26 Scout Tower
06:29 Guard Tower
06:35 Scout Tower
06:38 Castle
06:49 Blacksmith
07:08 Gryphon Aviary
07:23 Guard Tower
07:27 Arcane Tower
08:30 Farm
08:46 Gryphon Aviary
08:51 Farm
10:48 Farm
10:51 Farm
12:26 Farm
13:38 Farm
13:43 Scout Tower
16:41 Town Hall
16:44 Scout Tower
16:44 Scout Tower
17:49 Farm
18:07 Guard Tower
18:28 Guard Tower
18:58 Farm
21:51 Farm
26:46 Scout Tower
28:10 Guard Tower
» items
| Scroll of Regeneration | 2 | |
| Boots of Speed | 2 | |
| Scroll of Protection | 1 | |
| Orb of Fire | 1 | |
| Potion of Healing | 2 | |
8 total
THENlGGER (
blue | 68 APM | 2844 actions | 41:56)
6 Blademaster
3 Wind Walk
2 Critical Strike
1 Bladestorm
» actions
| Assign group hotkey | 157 | |
| Basic commands | 382 | |
| Build / train | 66 | |
| Enter build submenu | 44 | |
| Enter hero's abilities submenu | 6 | |
| Give item / drop item | 8 | |
| Remove unit from queue | 1 | |
| Right click | 1082 | |
| Select / deselect | 352 | |
| Select group hotkey | 534 | |
| Use ability | 212 | |
2844 total
» units
| Peon | 14 | |
| Grunt | 4 | |
| Troll Witch Doctor | 1 | |
| Wind Rider | 12 | |
| Troll Batrider | 3 | |
34 total
» upgrades
| Ranged Weapons | 3 | |
| Armor | 3 | |
| Reinforced Defenses | 1 | |
| Envenomed Spears | 1 | |
8 total
» buildings
| Orc Burrow | 7 | |
| Altar of Storms | 1 | |
| Barracks | 1 | |
| Voodoo Lounge | 2 | |
| Stronghold | 2 | |
| Beastiary | 6 | |
| Spirit Lodge | 1 | |
| War Mill | 2 | |
| Watch Tower | 21 | |
| Great Hall | 3 | |
| Fortress | 1 | |
47 total
» build order
00:13 Orc Burrow
00:51 Altar of Storms
01:01 Barracks
01:20 Orc Burrow
01:46 Voodoo Lounge
03:10 Stronghold
03:11 Stronghold
04:08 Orc Burrow
06:03 Beastiary
06:05 Beastiary
06:08 Voodoo Lounge
06:11 Spirit Lodge
06:35 War Mill
08:26 Orc Burrow
08:48 Watch Tower
08:50 Watch Tower
08:51 Watch Tower
09:05 Orc Burrow
10:08 Great Hall
10:44 Watch Tower
10:44 Watch Tower
10:44 Watch Tower
10:45 Watch Tower
10:46 Watch Tower
10:47 Watch Tower
12:35 Fortress
14:26 Watch Tower
14:26 Watch Tower
14:27 Watch Tower
14:30 Watch Tower
16:33 Beastiary
17:27 Orc Burrow
17:28 Orc Burrow
18:20 War Mill
28:50 Beastiary
28:52 Beastiary
28:53 Beastiary
28:59 Watch Tower
28:59 Watch Tower
29:00 Watch Tower
29:00 Watch Tower
29:01 Watch Tower
29:02 Watch Tower
29:02 Watch Tower
29:03 Watch Tower
31:16 Great Hall
34:18 Great Hall
» items
| Healing Salve | 5 | |
| Lesser Clarity Potion | 1 | |
| Scroll of Town Portal | 1 | |
| Boots of Speed | 1 | |
| Staff of Teleportation | 1 | |
| Periapt of Vitality | 1 | |
| Potion of Lesser Invulnerability | 1 | |
| Potion of Healing | 1 | |
| Orb of Lightning | 1 | |
13 total

»
st0p (
red | 43 APM | 1791 actions | 41:30)
6 Far Seer
3 Feral Spirit
3 Chain Lighting
4 Shadow Hunter
2 Healing Wave
2 Hex
1 Tauren Chieftain
1 Endurance Aura
» actions
| Assign group hotkey | 22 | |
| Basic commands | 45 | |
| Build / train | 85 | |
| Enter build submenu | 43 | |
| Enter hero's abilities submenu | 11 | |
| Give item / drop item | 1 | |
| Remove unit from queue | 5 | |
| Right click | 884 | |
| Select / deselect | 388 | |
| Select group hotkey | 177 | |
| Use ability | 128 | |
1791 total
» units
| Peon | 13 | |
| Grunt | 7 | |
| Troll Witch Doctor | 3 | |
| Kodo Beast | 1 | |
| Tauren | 3 | |
| Shaman | 4 | |
| Raider | 7 | |
| Wind Rider | 5 | |
43 total
» upgrades
| Melee Weapons | 2 | |
| Armor | 3 | |
| Spiked Barricades | 1 | |
| Witch Doctor Training | 2 | |
| Shaman Training | 2 | |
| Pulverize | 1 | |
| Reinforced Defenses | 1 | |
| Ensnare | 1 | |
| Pillage | 1 | |
| Ranged Weapons | 2 | |
16 total
» buildings
| Altar of Storms | 2 | |
| Orc Burrow | 13 | |
| Barracks | 1 | |
| War Mill | 1 | |
| Voodoo Lounge | 1 | |
| Great Hall | 3 | |
| Stronghold | 1 | |
| Watch Tower | 10 | |
| Spirit Lodge | 2 | |
| Fortress | 1 | |
| Beastiary | 2 | |
| Tauren Totem | 2 | |
39 total
» build order
00:33 Altar of Storms
00:40 Orc Burrow
00:53 Barracks
01:29 Orc Burrow
01:54 War Mill
03:11 Voodoo Lounge
03:23 Orc Burrow
05:16 Great Hall
06:17 Stronghold
06:23 Orc Burrow
06:28 Watch Tower
07:33 Orc Burrow
07:42 Watch Tower
08:03 Orc Burrow
08:54 Spirit Lodge
09:03 Spirit Lodge
09:12 Fortress
10:47 Beastiary
12:20 Tauren Totem
12:36 Tauren Totem
16:28 Orc Burrow
16:30 Orc Burrow
17:21 Orc Burrow
17:31 Orc Burrow
17:39 Watch Tower
17:43 Watch Tower
22:52 Watch Tower
22:59 Watch Tower
25:26 Great Hall
25:40 Altar of Storms
25:53 Orc Burrow
25:56 Orc Burrow
25:58 Orc Burrow
26:02 Watch Tower
26:04 Watch Tower
26:17 Watch Tower
26:31 Watch Tower
27:40 Beastiary
28:10 Great Hall
» items
| Healing Salve | 3 | |
| Lesser Clarity Potion | 1 | |
| Potion of Healing | 2 | |
| Potion of Mana | 1 | |
| Orb of Lightning | 1 | |
| Scroll of Town Portal | 1 | |
9 total
Chat log
(00:33 / All) THENlGGER: THAT'S THE BIGGEST BLACK ASS I'VE EVER SEEN AND I LIKE IT I LIKE IT
(00:37 / All) THATNlGGER: Nice username blue.
(00:42 / All) THENlGGER: THAT'S THE BIGGEST BLACK ASS I'VE EVER SEEN AND I LIKE IT I LIKE IT
(00:43 / All) THENlGGER: A LOT!
(00:45 / All) THENlGGER: hey you too
(00:46 / All) SeeYouNTea: lol you two know each other?
(01:06 / All) THENlGGER: kill green he is my friend
(01:36 / All) THENlGGER: I got your homework John
(02:01 / All) THENlGGER: teacher is gonna give you a stern talking to for skipping class to suck off the janitor
(03:23 / All) lifefragment: pro
(07:31 / 8) THATNlGGER: Killed that burrow to get even
(07:53 / Allies) THATNlGGER: tp faggots
(07:54 / Allies) doitnow: brt
(08:02 / 8) THATNlGGER: now you've attracted purp, gj
(13:08 / Allies) THATNlGGER: tp
(13:34 / Allies) happyhappy: green footies?
(13:51 / Allies) THATNlGGER: too many people there, yellow is jerking off in his base
(14:01 / Allies) doitnow: fuck you fag
(14:14 / Allies) happyhappy: footies>?
(14:17 / Allies) THATNlGGER: lol
(15:15 / Allies) THATNlGGER: You didn't help my expo. I'm not tping.
(15:23 / Allies) doitnow: fuck you fag
(15:28 / Allies) doitnow: go and die fag
(15:31 / Allies) THATNlGGER: lol
(16:52 / 8) THATNlGGER: got my expo rebuilding in the same spot
(17:34 / 8) THATNlGGER: my team has nothing now, it's basically just me
(18:28 / 8) THATNlGGER: well I haven't got shit
(19:55 / All) st0p: ?
(20:18 / 8) THATNlGGER: good work
(20:29 / All) happyhappy: green tk
(20:34 / All) THENlGGER: faggot got my item earlier
(20:41 / All) THATNlGGER: I didn't backstab you at all teal.
(20:47 / All) THATNlGGER: Unless not helpign you is bsing
(20:49 / All) THATNlGGER: You didn't help my expo
(20:52 / All) happyhappy: you tk me
(20:58 / All) THATNlGGER: Keep spinning the lies son.
(21:20 / Allies) happyhappy: i can give your item back if you want?
(21:26 / Allies) THATNlGGER: What item? lol
(21:36 / All) happyhappy: mask in the middle
(21:48 / All) THATNlGGER: I never even creeped the middle with you.
(22:15 / Allies) happyhappy: ill just give it to purp
(22:32 / All) THATNlGGER: Nice try, I killed it.
(22:44 / All) happyhappy: i know you tk
(22:55 / All) THATNlGGER: I do, but I didn't bs you this game.
(23:01 / All) happyhappy: lol
(23:17 / All) THATNlGGER: Do you even know what backstabbing entails? I didn't attack you once.
(24:19 / 8) THATNlGGER: get these fags away from me
(24:37 / 8) THATNlGGER: want me to just leave?
(25:15 / 8) THATNlGGER: it doesn't matter, my expo is dead anyway
(25:37 / All) happyhappy: i give you all you resources and you tk me
(26:11 / All) happyhappy: not nice green
(27:01 / All) happyhappy: call arms
(27:07 / All) THATNlGGER: With 1 peasant? lol
(27:13 / All) happyhappy: that might help
(27:18 / All) happyhappy: lol
(27:27 / All) THATNlGGER: 7-7 and you probably think you are hot shit, too.
(27:35 / All) happyhappy: no i suck
(27:48 / All) SeeYouNTea: so much fighting!!!! everyone just learn to love each other maaaaaaannnn...
(28:01 / All) happyhappy: want a hug green?
(28:02 / All) SeeYouNTea: was fun... peace
(28:24 / All) happyhappy: purp was noobish
(31:30 / All) THENlGGER: come cloud red's base
(31:46 / All) THATNlGGER: omw
(32:17 / All) THENlGGER: they are dumb for giving up lawl
(32:23 / All) THENlGGER: if purple got gargs
(32:31 / All) THENlGGER: and not quit they probably could have came together to defeat me
(33:05 / 8) THATNlGGER: no shit, they killed my entire army
(34:28 / All) st0p: oj is to stupid to realiz this turn into a 2v2
(34:33 / All) st0p: soo gj on winning a 2v1
(34:42 / All) THENlGGER: 2v3
(34:51 / All) THATNlGGER: I 1v4ed you red. Leave faggot.
(34:55 / All) THENlGGER: not our faults that orange and purple lost their hearts
(35:58 / 8) THATNlGGER: 4 guard towers 1 arcane tower
(35:59 / 8) THATNlGGER: not many
(38:43 / All) THENlGGER: how did they not see thsi Bs coming
(39:16 / All) st0p: lol
(39:26 / All) st0p: im 0-2 b/c of u ppl today
(39:33 / All) st0p: its way diff than it use to be
(39:34 / All) THATNlGGER: Time to make a new account, red.
(39:41 / All) st0p: 4 what
(39:43 / All) st0p: ?
(39:48 / All) THATNlGGER: You care about your record.
(39:52 / All) st0p: i do?
(39:55 / All) st0p: lmao
(40:00 / All) st0p: ur soo nieve
(40:01 / All) THATNlGGER: If you didn't, you would have left already.
(40:04 / All) THATNlGGER: Don't lie to yourself red.
(40:08 / All) THATNlGGER: Lying isn't good for your health.
(40:24 / All) st0p: im still here seeing what u 2 are doing
(40:27 / All) st0p: really
(40:29 / All) THENlGGER: Denial isn't just a river in Cancun, Mexico buddy
(41:18 / All) st0p: i guess ur just 2 good 4 anyone
(41:26 / All) st0p: gj failing at life im sure
(41:27 / All) THATNlGGER: I 1v4ed you. You can leave now.
(41:37 / All) THATNlGGER: which team gets the loss?
(41:38 / All) THENlGGER: well, we had our disagreements
(41:42 / All) THENlGGER: but in the end we pulled through
(41:43 / All) THENlGGER: good job buddy
(41:45 / All) THATNlGGER: Teal was a faggot but everyone else didn't say anything
(41:45 / All) THENlGGER: my team
(41:49 / All) THATNlGGER: kk
(41:52 / All) THENlGGER: teal is just an idiot
(41:55 / All) THENlGGER: probably 0-78